 Dungeon Sprint DCSS version 0.19.0-20-gbc5f0c6 (webtiles) character file.

15018 equalderp2856 the Eviscerator (level 11, -11/52 (55) HPs)
             Began as a Felid Fighter on Nov 18, 2016.
             Mangled by an eight-headed hydra (14 damage)
             ... in the Dungeon (Sprint VII: "The Pits").
             The game lasted 00:36:01 (10459 turns).

equalderp2856 the Eviscerator (Felid Fighter)      Turns: 10459, Time: 00:36:02

HP:   -11/52 (55)   AC:  3    Str: 14    XL:     11   Next: 96%
MP:   0/23          EV: 36    Int: 14    God:
Gold: 47            SH:  0    Dex: 17    Spells: 1 memorised, 19 levels left
                                        Lives: 0   Deaths: 3

rFire  . . .     SeeInvis +       - Unarmed
rCold  + . .     Gourm    .     (armour unavailable)
rNeg   . . .     Faith    .     (shield unavailable)
rPois  .         Spirit   +     (helmet unavailable)
rElec  .         Reflect  .     (cloak unavailable)
rCorr  .         Harm     .     (gloves unavailable)
MR     +....     NoTele   +     (boots unavailable)
Stlth  ++++++....               x - amulet of guardian spirit
                                k - +3 ring of intelligence
                                i - +3 ring of evasion

@: lethally poisoned (-11 -> -17), slowed, slow
A: no armour, no weapons or thrown items, stealth, claws 1, fangs 3, see
invisible, carnivore 3, speed 1, shaggy fur 3, slow metabolism 1, sharp paws
a: no special abilities


You were in the Dungeon.
You were not hungry.

You visited 1 branch You collected 47 gold pieces.

Inventory:

Jewellery
 i - a +3 ring of evasion (left paw)
 k - a +3 ring of intelligence (right paw)
 s - an uncursed ring of protection from fire
 u - an uncursed ring of protection from cold
 w - the ring of Jausiawk {rF++ rC- SInv}
   (You found it in the Dungeon)

   [ring of see invisible]

   It greatly protects you from fire.
   It makes you vulnerable to cold.
   It lets you see invisible.
 x - an amulet of guardian spirit (around neck)
Scrolls
 n - 4 scrolls of fog
 o - a scroll of identify
 p - a scroll of fear
 t - 2 scrolls of remove curse
Potions
 e - 2 potions of haste
 f - 4 potions of magic
 g - 5 potions of berserk rage
 j - 2 potions of agility
 l - 3 potions of resistance
 m - 2 potions of invisibility
 q - a potion of cure mutation
 r - a potion of brilliance
Books
 y - a book of the Earth

   Spells                             Type                      Level
   a - Leda's Liquefaction            Hexes/Earth                  4
   b - Bolt of Magma                  Conjuration/Fire/Earth       5
   c - Statue Form                    Transmutation/Earth          6
   d - Iron Shot                      Conjuration/Earth            6
   e - Shatter                        Earth                        9
Comestibles
 b - 4 meat rations
 v - 6 royal jellies


   Skills:
 + Level 11.0 Fighting
 + Level 18.4 Dodging
 + Level 14.6 Stealth
 + Level 25.2 Unarmed Combat
 * Level 7.5 Spellcasting
 * Level 7.4 Conjurations
 * Level 7.3 Earth Magic


You had 19 spell levels left.
You knew the following spells:

 Your Spells              Type           Power        Failure   Level  Hunger
a - Iron Shot             Conj/Erth      ####......   91%         6    #######


Dungeon Overview and Level Annotations

Branches:
Dungeon (1/1)

Altars:
Ashenzari
Cheibriados
Dithmenos
Elyvilon
Fedhas
Gozag
Hepliaklqana
Kikubaaqudgha
Makhleb
Nemelex Xobeh
Okawaru
Qazlal
Ru
Sif Muna
Trog
Uskayaw
Vehumet
Xom
Yredelemnul
Zin
The Shining One
Beogh
Jiyva
Lugonu


Innate Abilities, Weirdness & Mutations

You cannot wear armour.
You are incapable of wielding weapons or throwing items.
Your paws allow you to move quietly. (Stealth)
You have sharp claws.
You have razor-sharp teeth.
You have supernaturally acute eyesight. (SInv)
You are carnivorous and can eat meat at any time.
You cover ground quickly.
Your thick and shaggy fur keeps you warm. (AC +3, rC+)
You have a slow metabolism.
Your sharp claws are effective at attacking unaware monsters.


Message History

You claw the fire crab, but do no damage.
The fire crab is lightly wounded.
You feel sick. The hornet completely misses you.
The eight-headed hydra closely misses you.
The eight-headed hydra misses you.
The eight-headed hydra barely misses you.
The eight-headed hydra completely misses you.
The eight-headed hydra barely misses you.
The eight-headed hydra misses you.
The eight-headed hydra completely misses you.
The eight-headed hydra bites you! The orc completely misses you.
You claw the fire crab!
The fire crab is lightly wounded.
You feel sick. The hornet misses you. The fire crab completely misses you.
The fire crab claws you!
* * * LOW HITPOINT WARNING * * *
You are engulfed in flames!
* * * LOW HITPOINT WARNING * * *
The hornet completely misses you. The eight-headed hydra bites you!
You die...

####.(##..#....#..#####++#
#..##..........''.....#
#..##......)..)''.....#
#..####''####')########
#..####''####S'###############
#..##......##...).......)...(.
####..##.#'##.##.....()...())....
......##.#..))##yD##############'
......##.'..#.##@o#))#))#))))#...
########.#.['.##t.#))#))##''##...
########.'.%#.##..#.....#....#...
..##..##.##'#.##).#..####....###.
..##..##......##..#..'...........
.)''..##########).#..####........
..')..##########..#.....#..####..
..##...)...o.)....#))#))#..#((#..
).##..............#))#))#..'((##.


You could see an eight-headed hydra, a fire crab, a guardian serpent, a hornet
and an orc.

Vanquished Creatures
  A greater mummy (D)
  A hellephant (D)
  A titan (D)
  Ilsuiw (D)
  An orc warlord (D)
  A balrug (D)
  A vampire knight (D)
  A red draconian (D)
  A mottled draconian (D)
  An eidolon (D)
  A yaktaur captain (D)
  A hydra (D)
  3 vault guards (D)
  A naga warrior (D)
  A death yak (D)
  2 deep elf knights (D)
  A shadow wraith (D)
  A flayed ghost (D)
  A wizard (D)
  A phantasmal warrior (D)
  12 orc knights (D)
  2 cyclopes (D)
  A smoke demon (D)
  A siren (D)
  A black mamba (D)
  A molten gargoyle (D)
  A rime drake (D)
  A yaktaur (D)
  A red devil (D)
  A polar bear (D)
  A troll (D)
  2 hornets (D)
  A two-headed ogre (D)
  A bog body (D)
  2 snapping turtles (D)
  5 blink frogs (D)
  4 redbacks (D)
  A flying skull (D)
  3 tarantellas (D)
  A wyvern (D)
  A water elemental (D)
  A wraith (D)
  A vampire (D)
  3 spriggans (D)
  4 yaks (D)
  A chaos spawn (D)
  2 vampire mosquitoes (D)
  A soldier ant (D)
  A warg (D)
  3 hell hounds (D)
  2 floating eyes (D)
  An ice beast (D)
  An eye of draining (D)
  A wolf (D)
  A centaur (D)
  An ogre (D)
  A bullfrog (D)
  4 wights (D)
  10 killer bees (D)
  2 hounds (D)
  An orc wizard (D)
  A gnoll shaman (D)
  An iguana (D)
  2 hell rats (D)
  A worker ant (D)
  An adder (D)
  4 gnolls (D)
  2 white imps (D)
  5 orcs (D)
  A bat skeleton (D)
  2 bat zombies (D)
  A giant cockroach (D)
  3 goblins (D)
  2 hobgoblins (D)
  6 jackals (D)
  A kobold (D)
  A giant cockroach simulacrum (D)
  A giant cockroach zombie (D)
144 creatures vanquished.

Vanquished Creatures (others)
  A spriggan (D)
  A frilled lizard (D)
2 creatures vanquished.

Grand Total: 146 creatures vanquished

Notes
Turn   | Place    | Note
-------+----------+-------------------------------------------
     0 | D        | equalderp2856 the Felid Fighter began the quest for the Orb.
     0 | D        | Reached XP level 1. HP: 10/10 MP: 2/2
    20 | D        | Noticed a floating eye
    24 | D        | Killed a floating eye
    24 | D        | Reached skill level 5 in Fighting
    24 | D        | Reached skill level 8 in Unarmed Combat
    24 | D        | Reached XP level 2. HP: 10/16 MP: 3/3
    24 | D        | Reached XP level 3. HP: 12/19 MP: 4/4
    24 | D        | Reached XP level 4. HP: 15/23 MP: 5/5
   136 | D        | Noticed a floating eye
   137 | D        | Paralysed by a floating eye for 4 turns
   151 | D        | Paralysed by a floating eye for 3 turns
   161 | D        | Paralysed by a floating eye for 4 turns
   168 | D        | Reached XP level 5. HP: 10/26 MP: 6/6
   170 | D        | Killed a floating eye
   170 | D        | Reached skill level 10 in Unarmed Combat
   421 | D        | Gained mutation: You are covered in thick fur. (AC +2) [Felid growth]
   421 | D        | Reached XP level 6. HP: 17/31 MP: 7/7
   587 | D        | Noticed a flying skull
   628 | D        | Killed a flying skull
   628 | D        | Reached skill level 1 in Stealth
   628 | D        | Reached skill level 11 in Unarmed Combat
   683 | D        | Reached XP level 7. HP: 36/36 MP: 8/8
   782 | D        | Noticed a two-headed ogre
   785 | D        | Killed a two-headed ogre
   785 | D        | Reached skill level 12 in Unarmed Combat
   795 | D        | Reached skill level 10 in Dodging
   795 | D        | Reached skill level 13 in Unarmed Combat
   949 | D        | Noticed a black mamba
   967 | D        | Killed a black mamba
   967 | D        | Reached XP level 8. HP: 30/41 MP: 9/9
  1140 | D        | Found a radiant altar of Vehumet.
  1140 | D        | Found a hide-covered altar of Uskayaw.
  1140 | D        | Found an ancient bone altar of Kikubaaqudgha.
  1140 | D        | Found a viscous altar of Jiyva.
  1140 | D        | Found a hazy altar of Hepliaklqana.
  1141 | D        | Found a bloodstained altar of Trog.
  1141 | D        | Found a deep blue altar of Sif Muna.
  1141 | D        | Found a sacrificial altar of Ru.
  1141 | D        | Found a stormy altar of Qazlal.
  1141 | D        | Found an iron altar of Okawaru.
  1141 | D        | Found a sparkling altar of Nemelex Xobeh.
  1141 | D        | Found an opulent altar of Gozag.
  1141 | D        | Found a blossoming altar of Fedhas.
  1141 | D        | Found a white marble altar of Elyvilon.
  1141 | D        | Found a shadowy altar of Dithmenos.
  1141 | D        | Found a snail-covered altar of Cheibriados.
  1142 | D        | Found a glowing golden altar of the Shining One.
  1142 | D        | Found a glowing silver altar of Zin.
  1143 | D        | Found a burning altar of Makhleb.
  1143 | D        | Found a basalt altar of Yredelemnul.
  1143 | D        | Found a roughly hewn altar of Beogh.
  1144 | D        | Found a corrupted altar of Lugonu.
  1144 | D        | Found a shimmering altar of Xom.
  1144 | D        | Found a shattered altar of Ashenzari.
  1228 | D        | Reached skill level 5 in Stealth
  1228 | D        | Reached skill level 14 in Unarmed Combat
  1471 | D        | Noticed an orc knight
  1471 | D        | Noticed a cyclops
  1471 | D        | Noticed a snapping turtle
  1772 | D        | Killed a cyclops
  1772 | D        | Reached skill level 15 in Unarmed Combat
  1772 | D        | Reached XP level 9. HP: 45/45 MP: 10/10
  1822 | D        | Killed an orc knight
  1833 | D        | Reached skill level 16 in Unarmed Combat
  2561 | D        | Noticed a cyclops
  2562 | D        | Noticed a red devil
  2608 | D        | Reached skill level 17 in Unarmed Combat
  2635 | D        | Killed a red devil
  2635 | D        | Reached XP level 10. HP: 36/49 MP: 11/11
  2771 | D        | Noticed a death yak
  2774 | D        | Noticed a molten gargoyle
  2794 | D        | Killed a death yak
  2794 | D        | Reached skill level 18 in Unarmed Combat
  2963 | D        | Killed a molten gargoyle
  3044 | D        | Killed a cyclops
  3044 | D        | Reached skill level 10 in Stealth
  3064 | D        | Noticed a smoke demon
  3064 | D        | Noticed a phantasmal warrior
  3067 | D        | Noticed a shadow wraith
  3322 | D        | Killed a smoke demon
  3322 | D        | Reached skill level 19 in Unarmed Combat
  3417 | D        | Killed a phantasmal warrior
  3852 | D        | Reached skill level 15 in Dodging
  3898 | D        | Reached XP level 11. HP: 33/54 MP: 12/12
  3941 | D        | Killed a shadow wraith
  3941 | D        | Reached skill level 10 in Fighting
  4326 | D        | Reached skill level 20 in Unarmed Combat
  4340 | D        | Noticed a flayed ghost
  4372 | D        | Killed a flayed ghost
  4918 | D        | Noticed a spriggan rider
  5073 | D        | Reached skill level 21 in Unarmed Combat
  5232 | D        | Noticed an eidolon
  5321 | D        | Noticed a titan
  5321 | D        | Noticed a red draconian
  5321 | D        | Noticed a mottled draconian
  5433 | D        | Killed a mottled draconian
  5569 | D        | Noticed Ilsuiw
  5701 | D        | Killed Ilsuiw
  5701 | D        | Reached skill level 22 in Unarmed Combat
  5876 | D        | Killed from afar by a titan
  5877 | D        | Reached XP level 10. HP: -14/51 MP: 11/11
  5895 | D        | Killed a titan
  5895 | D        | Reached XP level 11. HP: 25/55 MP: 12/12
  6234 | D        | Noticed a vampire knight
  6246 | D        | Killed a vampire knight
  6359 | D        | Killed a red draconian
  6359 | D        | Reached skill level 23 in Unarmed Combat
  6370 | D        | Got the ring of Jausiawk {rF++ rC- SInv}
  6667 | D        | Learned a level 6 spell: Iron Shot
  6764 | D        | Killed an eidolon
  6764 | D        | Reached skill level 1 in Spellcasting
  6764 | D        | Reached skill level 1 in Conjurations
  6764 | D        | Reached skill level 1 in Earth Magic
  6903 | D        | Noticed an orc knight
  6903 | D        | Noticed an orc knight
  6903 | D        | Noticed an orc knight
  6903 | D        | Noticed an orc knight
  7042 | D        | Noticed an orc knight
  7042 | D        | Noticed an orc warlord
  7042 | D        | Noticed an orc warlord
  7042 | D        | Noticed an orc knight
  7070 | D        | Killed an orc knight
  7222 | D        | Killed an orc knight
  7247 | D        | Killed an orc knight
  7411 | D        | Noticed an orc knight
  7420 | D        | Killed an orc knight
  7442 | D        | Noticed an orc knight
  7489 | D        | Noticed an orc knight
  7494 | D        | Killed an orc knight
  7502 | D        | Noticed a vault guard
  7518 | D        | Killed an orc knight
  7659 | D        | Killed a vault guard
  7659 | D        | Gained mutation: Your thick and shaggy fur keeps you warm. (AC +3, rC+) [Felid growth]
  7659 | D        | Reached XP level 12. HP: 53/59 MP: 16/18
  7967 | D        | HP: 2/59 [orc warlord/long sword of flaming (4)]
  8353 | D        | Noticed a yaktaur captain
  8422 | D        | Mangled by an orc warlord
  8423 | D        | Reached XP level 11. HP: -11/55 MP: 0/18
  8435 | D        | Killed an orc warlord
  8435 | D        | Reached skill level 24 in Unarmed Combat
  8471 | D        | Noticed a deep elf knight
  8481 | D        | Killed a deep elf knight
  8570 | D        | Killed a yaktaur captain
  8624 | D        | Noticed a vault guard
  8630 | D        | Noticed an orc knight
  8661 | D        | Killed an orc knight
  8661 | D        | Reached skill level 5 in Spellcasting
  8661 | D        | Reached skill level 5 in Conjurations
  8729 | D        | Killed an orc knight
  8930 | D        | Killed an orc knight
  8942 | D        | Noticed a deep elf knight
  8946 | D        | Noticed a six-headed hydra
  8953 | D        | Killed a six-headed hydra
  8953 | D        | Reached skill level 5 in Earth Magic
  8999 | D        | Noticed a vault guard
  9009 | D        | Noticed a balrug
  9380 | D        | Killed a vault guard
  9450 | D        | Killed a vault guard
  9789 | D        | Killed a deep elf knight
  9805 | D        | Noticed a naga warrior
  9812 | D        | Killed a naga warrior
  9812 | D        | Reached XP level 12. HP: 59/59 MP: 20/22
  9967 | D        | Killed a balrug
  9969 | D        | HP: 3/88 [burnt (2)]
  9971 | D        | HP: 1/88 [burnt (1)]
  9972 | D        | Incinerated by a balrug
  9973 | D        | Reached XP level 11. HP: 1/55 MP: 0/21
 10023 | D        | Noticed a greater mummy
 10047 | D        | Killed a greater mummy
 10047 | D        | Reached skill level 25 in Unarmed Combat
 10361 | D        | Noticed a hellephant
 10363 | D        | Killed a hellephant
 10432 | D        | Noticed a fire crab
 10441 | D        | Noticed a spriggan rider
 10442 | D        | Noticed an eight-headed hydra
 10459 | D        | Mangled by an eight-headed hydra

Skill      XL: |  1  2  3  4  5  6  7  8  9 10 11 12 |
---------------+-------------------------------------+-----
Fighting       | 5 6 7 8 9 11 | 11.0
Dodging        | 6 8 9 10 12 13 17 18 | 18.4
Unarmed Combat | 8 10 11 13 15 17 19 25 | 25.2
Stealth        | 1 4 6 9 10 14 | 14.6
Spellcasting   | 7 4 |  7.5
Conjurations   | 7 4 |  7.4
Earth Magic    | 7 6 |  7.3

Action                   |  1- 3 |  4- 6 |  7- 9 | 10-12 || total
-------------------------+-------+-------+-------+-------++-------
Melee: Unarmed           |     5 |    51 |   184 |   458 ||   698
       Bite              |       |     9 |    14 |    67 ||    90
       Punch             |       |     3 |    11 |    48 ||    62
  Use: Potion            |       |     3 |     7 |    16 ||    26
       Scroll            |       |       |       |     2 ||     2
 Stab: Sleeping          |       |     1 |     1 |     4 ||     6
       Distracted        |       |       |     2 |     7 ||     9
  Eat: Chunk             |       |       |     5 |    10 ||    15
       Meat ration       |       |       |       |     1 ||     1
Armor: Skin              |       |     1 |     4 |     1 ||     6
Dodge: Dodged            |     1 |    46 |   189 |   337 ||   573
